 Dungeon Crawl Stone Soup version 0.31-a0-1144-g99969ba1bc (webtiles) character file.

Game seed: 17696225019739862993

75 Inarius the Trooper (level 4, -1/35 HPs)
             Began as a Demonspawn Fighter on Dec 6, 2023.
             Slain by a quokka (4 damage)
             ... on level 3 of the Dungeon.
             The game lasted 00:01:30 (1804 turns).

Inarius the Trooper (Demonspawn Fighter)            Turns: 1804, Time: 00:01:30

Health: -1/35      AC:  9    Str: 18    XL:     4   Next: 11%
Magic:  4/4        EV:  7    Int:  8    God:
Gold:   153        SH:  4    Dex: 13    Spells: 3/3 levels left

rFire   . . .        a - +0 war axe
rCold   . . .        c - +0 buckler
rNeg    . . .        p - +0 chain mail
rPois   .            (helmet restricted)
rElec   .            (no cloak)
rCorr   .            (no gloves)
SInv    .            (no boots)
Will    .....        (no amulet) Stlth
                     (no ring)
HPRegen 0.25/turn    (no ring)
MPRegen 0.09/turn

%: no passive effects
@: no status effects
A: horns 1
a: no special abilities


You were on level 3 of the Dungeon.
You visited 1 branch of the dungeon, and saw 3 of its levels.

You collected 153 gold pieces.

Inventory:

Hand Weapons
 a - a +0 war axe (weapon)
Armour
 b - a +0 scale mail
 c - a +0 buckler (worn)
 p - a +0 chain mail (worn)
Talismans
 o - a maw talisman
Scrolls
 e - a scroll of amnesia {unknown}
 f - 2 scrolls of fog {unknown}
 g - a scroll of enchant weapon {unknown}
 i - 4 scrolls of identify {unknown}
 l - a scroll of revelation {unknown}
 n - a scroll of brand weapon {unknown}
 q - 3 scrolls of teleportation {unknown}
 t - a scroll of noise {unknown}
Potions
 d - a potion of might
 h - a potion of attraction {unknown}
 j - a potion of heal wounds {unknown}
 k - a potion of brilliance {unknown}
 m - 3 potions of curing {unknown}
 r - a potion of invisibility {unknown}
 s - a potion of degeneration {unknown}


   Skills:
 + Level 3.3 Fighting
 * Level 3.1 Axes
 + Level 3.1 Armour
 + Level 2.9 Shields


You had 3 spell levels left.
You didn't know any spells.
Your spell library contained the following spells:

 Spells                   Type           Power      Damage    Failure   Level
 Inner Flame              Hex/Fire       0%         N/A       100%        3
 Flame Wave               Conj/Fire      0%         2d4       100%        4
 Sticky Flame             Conj/Fire      0%         2d3       100%        4


Dungeon Overview and Level Annotations

Branches:
Dungeon (3/15)

Altars:

Annotations:
D:3 2 runed translucent doors, Stil's ghost, weakling DsSh


Innate Abilities, Weirdness & Mutations

You have a pair of small horns on your head.


Message History

The endoplasm quivers.
The gnoll hits you but does no damage.
You see here a +0 club.
There are monsters nearby!
There are monsters nearby!
There are monsters nearby!
You closely miss the gnoll. The gnoll hits you with a +0 halberd!
You barely miss the gnoll. Your headbutt misses the gnoll.
The gnoll hits you with a +0 halberd.
You slash the gnoll!
You headbutt the gnoll, but do no damage.
The gnoll is heavily wounded.
The gnoll hits you with a +0 halberd!
* * * LOW HITPOINT WARNING * * *
The gnoll barely misses you.
You slash the gnoll!
You kill the gnoll!
You barely miss the quokka.
The quokka bites you but does no damage.
You have reached level 4!
You feel agile. The quokka bites you.
* * * LOW HITPOINT WARNING * * *
You barely miss the quokka. You hit the endoplasm.
You kill the endoplasm!
The quokka closely misses you. x2
You barely miss the quokka. The quokka bites you.
* * * LOW HITPOINT WARNING * * *
You closely miss the quokka.
The quokka bites you but does no damage.
You block the quokka's attack.
You barely miss the quokka. The quokka bites you.
* * * LOW HITPOINT WARNING * * *
The quokka barely misses you.
You closely miss the quokka.
The quokka bites you but does no damage.
You barely miss the quokka.
The quokka bites you but does no damage.
The quokka bites you.
You die...

..............#
#.##....# #...
########......#
#.##..... #...
#......# #.#
#... ########
#.# #... #.#
#... . #.# #...
... #.# #...
.....#####.##
####
.......r@...#
......).....#
............#
.....#####.##
..... #.# ###
.... #.#
######.. ...
#.# #.......
... .# #....###
#.####..


You could see a quokka.

Vanquished Creatures
  A gnoll (D:3)
  2 adders (D:3)
  A worm (D:3)
  2 dart slugs
  6 endoplasms
  A giant cockroach (D:3)
  3 goblins
  2 hobgoblins
  3 kobolds
  4 quokkas (D:1)
  2 ball pythons (D:1)
  4 bats
  6 frilled lizards
  3 rats (D:1)
40 creatures vanquished.

Notes
Turn   | Place    | Note
-------+----------+-------------------------------------------
     0 | D:1      | Inarius the Demonspawn Fighter began the quest for the Orb.
     0 | D:1      | Reached XP level 1. HP: 18/18 MP: 1/1
   121 | D:1      | Gained mutation: You have a pair of small horns on your
                  | head. [demonic ancestry]
   121 | D:1      | Reached XP level 2. HP: 11/24 MP: 2/2
  1061 | D:2      | Reached XP level 3. HP: 27/29 MP: 3/3
  1551 | D:3      | Noticed Stil's ghost (weakling DsSh)
  1552 | D:3      | Found a large runed translucent door.
  1552 | D:3      | Found a large runed translucent door.
  1798 | D:3      | Reached XP level 4. HP: 9/35 MP: 4/4
  1804 | D:3      | Slain by a quokka

Illustrated notes

Levels and vault maps discovered:
D:1:      wander_arrival_fairy_ring, layout_basic
D:2:      layout_loops_cross, chequers_serial_rivers_micro_e,
          grunt_decor_one_mirror
D:3:      minmay_angry_zag, layout_basic, ebering_ghost_disaster_area

Skill      XL: |  1  2  3 |
---------------+----------+-----
Axes           | 2 3 |  3.1
Armour         | 3 |  3.1
Fighting       | |  3.3
Shields        | |  2.9

Action                     |  1- 3 |  4- 6 || total
---------------------------+-------+-------++-------
  Melee: War axe           |   111 |     6 ||   117
         Headbutt          |     8 |       ||     8
 Armour: Scale mail        |    38 |       ||    38
         Chain mail        |    48 |     7 ||    55
  Dodge: Dodged            |    48 |     3 ||    51
  Block: Buckler           |    24 |     1 ||    25

Table legend: (Time is in decaauts)
 A = Elapsed time spent in this place.
 B = Non-inter-level travel time spent in this place.
 C = Inter-level travel time spent in this place.
 D = Time resting spent in this place.
 E = Time spent auto-exploring this place.
 F = Levels seen in this place.
 G = Mean time per level.
                   A        B        C        D        E       F      G
               +--------+--------+--------+--------+--------+-----+--------+
         Total |   1852 |   1784 |     68 |    110 |   1327 |   3 |  617.3 |
       Dungeon |   1852 |   1784 |     68 |    110 |   1327 |   3 |  617.3 |
               +--------+--------+--------+--------+--------+-----+--------+

Top non-repeatable levels by time:
     D:1: 753 daAuts
     D:2: 694 daAuts
     D:3: 404 daAuts
